Arrhythmia, chaotic female vampiric Convict }}}}}}}}}}}}}}}}}}}}}}}}}}}}}}}}}}}}}.}}}}}}}}}}}}}}}}}}}}}}}}}}}}}}}}}}}}}} }}}}}}}}}}}}}}`%......}}}}}}}}}}}}}}}.}}}}}}}..}}}.....}}}}}}}}}}}-----}}}}} }}}}}}..----------#-.....}}}}}}}}}}}}.}}}.%---...}}}}....#.}}}}}}}..`.|}}}}} }}}.....| #. .`|}}}}....}}}}}}}...}}.....|}}.}}}}}}}......}}}}|......}}} }}}.`...+ |. {..?|}}}}}}}}}}}}......}}}|%..|}}}}}}}}}}}.}}}}}}}}----.}}}}} }}...)..| |....`.|}}}}}}}}}......}}(}}}|.......}}}}}}}}}}}}}..}}}}}..<}}}} }}--+--#| |....-#---}}}}}....}}.....}}}-----}}.....}}}}}}}......}}}}.}}}}} }}| }| |.(..|}} |}}}}}}}..}}}}}}}}}}}}}}}}}}}}....}}}}}}}}....#.}}}}}}} }}| }# +....#}}}}}}}..}}}}}}}}}}}}}}...}}}}}}}}}}}}}}}}}}}}}}....}}..}} }}| }| |....|}}}|}....}}}}}}....}}}...}}}}}...}}}}}}}}}}}}}}}}}.....}}} }}--+--#| |..`.-#---....}}}}}}}}}}.#...}}}}..@.---}}}}}}}}}}}}}}}}}}}}}}}} }}......| |^.....|}}}}}.}}}}}}}}}....}}}}}}}.@...|}}}}}}}}}.}}}}}}}}}}}}}} }}}}....+ |..{..`|.}}}}}}}}}}}}}}}}}}}}}}}}}}%|..|}}}}}}}......}}}}...}}}} }}}}}}..| #. ..|...}}}}}}}}}}..---}}}}}}}}}}--.|}}}}}^...}}}}}}....}}}}} }}}}}}}}----------#-....}}}}}}}}}|.`.|}}}}}}}}}}}}...}}}}}}...}}}}}}..}}}}}} }}}}}}}}}..............#...}}}}}.|.......}}}}}}}}}}}}}}?.}...}.}}}}....}}}}} }}}}}}}}}}.[.%}}}}...}...}}}}}...%...|.}}}}}}}}}}}}}}..+....}}}}}}}}}...}}}} }}}}}}}}}}..}}}}}}}}}}.}}}}}}}}}}-..--.}}}}}}}}..}}}}}}..#...}}}..}}.}}}}}}} }}}}}}}}}.%.}}}}}}}}}}}}}}}}}}}}}}}...}}}}}}}....}}}}}}}.}}}..}}}...}}}}}}}} }}}}}}}}}}}}}}}}}}}}}}}}}}}}}}}}}}}}}.}}}}}}....}}}}}}}}}}}}}}}}}}}.).}}}}}} }}}}}}}}}}}}}}}}}}}}}}}}}}}}}}}}}}}}}}}}}}}}}}}}}}}}}}}}}}}}}}}}}}}}}}}}}}}} Arrhythmia the Prisoner Experience level: 10 Strength: 16 Dexterity: 16 Constitution: 19 Intelligence: 13 Wisdom: 8 Charisma: 6 Health: 0(117) Energy: 61(61) AC: -1 Gold: 141 Moves: 6860 Your Inventory: Coins $ - 141 gold pieces Armor k - a [blessed] thoroughly rusty +4 pair of hard shoes [iron] (being worn) n - a cursed -2 pair of gauntlets of dexterity (being worn) x - an uncursed burnt +2 mummy wrapping (being worn) L - an [uncursed] +0 dwarvish mithril-coat (being worn) O - an [uncursed] thoroughly rusty +0 hard hat [dwarvish iron helm] (being worn) Wands T - an [uncursed] wand of striking [0:3] Tools c - an uncursed [+0] pick-axe [of telepathy] f - an uncursed bag called Maybe oilskin [oilskin sack] Iron balls M - an uncursed thoroughly rusty heavy iron ball (weapon in hand) Contents of the oilskin sack: 2025 gold pieces an [uncursed] wand of cold [0:3] an uncursed wand of magic missile [0:1] an uncursed wand of secret door detection [0:14] an uncursed [wax] candle an uncursed partly used [wax] candle an uncursed looking glass [mirror] an uncursed skeleton key Spells known in the end: Name Level Category Fail Memory Your skills at the end: Fighting Skills Weapon Skills flail [Skilled / Expert] sling [Basic / Skilled] Spellcasting Skills Final Attributes: You were piously aligned. Hunger level was 247. Your alignment was 44 / 44. Monster difficulty range was 4 - 17. Level difficulty was 24. You were immune to poison. You were immune to level-drain. You were immune to sickness. You could fly. You could survive without air. You regenerated. Your luck was zero. You are dead. Vanquished creatures: a gold dragon 3 baby gold dragons a black pudding a mind flayer a wumpus a couatl 2 black nagas a giant zombie a warg a warhorse a xan a quantum mechanic a shocking sphere a large cat 2 tengu a leocrotta 2 pit vipers 2 pythons a cobra a leather golem a watchman 2 cockatrices a winter wolf cub a lynx a leprechaun 2 giant spiders a scorpion a horse a gnome king a dwarf mummy a rust monster 2 owlbears a yeti 2 giant eels a dog a dwarf lord 5 snakes 2 apes an imp a water nymph an orc shaman a rock piercer 2 rock moles 2 ponies a fog cloud a violet fungus 3 gnome lords 3 black naga hatchlings a barrow wight an elf zombie a ghoul a straw golem a paper golem a jellyfish 5 giant ants 4 floating eyes 8 dwarves a kobold lord 5 hill orcs a rothe a rabid rat 8 orc zombies 4 dwarf zombies a werejackal an iguana 2 hobbits a manes a hobgoblin a giant rat a yellow mold 2 red molds 29 gnomes a gnome zombie 5 geckos 10 jackals 4 goblins 7 grid bugs 2 bats 7 lichens 2 kobold zombies a newt 190 creatures vanquished. Voluntary challenges: You went without food. You used a wielded weapon 4 times. You read items or engraved 9 times. You put on armor 10 times. You never genocided any monsters. You never polymorphed an object. You changed form 1 time. You used no wishes. You abstained from Elbereth's help. You never encountered a bones level. You never used any Sokoban shortcuts. Dungeon overview: The Dungeons of Doom: levels 1 to 24 Level 1 a long staircase Level 3 a fountain stairs to The Gnomish Mines Level 6 (Potential Succ) a sink Level 7 many fountains Level 8 an altar to Tymora a long staircase Level 10 some fountains, many trees a long staircase Level 15 a fountain Level 24 <- You were here some fountains, many trees The Gnomish Mines: levels 4 to 7 Level 4 stairs to The Dungeons of Doom Level 6 a general store, some fountains History has recorded: On T:1 you entered the Dungeons of Doom to retrieve the Amulet of Yendor! On T:326 you reached level 2 of The Dungeons of Doom. On T:648 you advanced to experience level 2. On T:903 you advanced to experience level 3. On T:1144 you reached level 3 of The Dungeons of Doom. On T:1270 you advanced to experience level 4. On T:1456 you reached level 1 of The Gnomish Mines. On T:1477 you advanced to experience level 5. On T:1581 you advanced to experience level 6. On T:1654 you reached level 2 of The Gnomish Mines. On T:1975 you advanced to experience level 7. On T:2217 you reached level 3 of The Gnomish Mines. On T:2340 you reached level 4 of The Gnomish Mines. On T:2720 you advanced to experience level 8. On T:2827 you reached level 4 of The Dungeons of Doom. On T:3314 you reached level 5 of The Dungeons of Doom. On T:3604 you reached level 6 of The Dungeons of Doom. On T:4058 you reached level 7 of The Dungeons of Doom. On T:4451 you reached level 8 of The Dungeons of Doom. On T:4939 you advanced to experience level 9. On T:5504 you reached level 9 of The Dungeons of Doom. On T:5706 you reached level 10 of The Dungeons of Doom. On T:5762 you reached level 11 of The Dungeons of Doom. On T:5787 you reached level 12 of The Dungeons of Doom. On T:5813 you reached level 13 of The Dungeons of Doom. On T:5837 you reached level 14 of The Dungeons of Doom. On T:5868 you reached level 15 of The Dungeons of Doom. On T:5898 you reached level 16 of The Dungeons of Doom. On T:5922 you reached level 17 of The Dungeons of Doom. On T:5947 you reached level 18 of The Dungeons of Doom. On T:5982 you reached level 19 of The Dungeons of Doom. On T:6005 you reached level 20 of The Dungeons of Doom. On T:6030 you reached level 21 of The Dungeons of Doom. On T:6054 you reached level 22 of The Dungeons of Doom. On T:6085 you reached level 23 of The Dungeons of Doom. On T:6126 you reached level 24 of The Dungeons of Doom. On T:6463 you advanced to experience level 10. Latest messages: [3 turns] The captain wields a silver saber! [HP+1=58] You hit the leocrotta. You bite the leocrotta. The leocrotta hits! The leocrotta bites! The leocrotta hits! [HP-15=43] You kill the leocrotta! [HP+1=44] You see here a leocrotta corpse. [HP+1=45] You sense a faint wave of psychic energy. [HP+1=46] [HP+1=47] The captain swings her silver saber. The silver sears your flesh! The captain hits! The captain swings her silver saber. The silver sears your flesh! The captain hits! You die... Final status: Goodbye Arrhythmia the Convict... You died in The Dungeons of Doom on dungeon level 24 with 34378 points, and 2166 pieces of gold, after 6860 moves. You were level 10 with a maximum of 117 hit points when you died.